 Dungeon Crawl Stone Soup version 0.25.0-26-g0c896c7088 (webtiles) character file.

Game seed: 17014907387413087571

25 Descartes the Sneak (level 2, -1/16 HPs)
             Began as a Spriggan Wanderer on July 4, 2020.
             Slain by a bullfrog (2 damage)
             ... on level 2 of the Dungeon.
             The game lasted 00:03:13 (1506 turns).

Descartes the Sneak (Spriggan Wanderer)             Turns: 1506, Time: 00:03:13

Health: -1/16      AC:  6    Str:  5    XL:     2   Next: 82%
Magic:  5/5        EV: 16    Int: 13    God:
Gold:   105        SH:  5    Dex: 18    Spells: 1/1 levels left

rFire    + . .     SeeInvis +   a - +2 dagger
rCold    + . .     Gourm    .   o - +0 buckler
rNeg     . . .     Faith    .   e - +0 robe
rPois    .         Spirit   .   (helmet restricted)
rElec    .         Reflect  .   q - scarf {rC+ rF+}
rCorr    .         Harm     .   (gloves unavailable)
MR       .....                  (boots unavailable)
Stlth    +++.......             (no amulet)
HPRegen  0.05/turn              r - +4 ring of protection
MPRegen  0.09/turn              (no ring)

@: very quick
A: very small, unfitting armour, see invisible, herbivore, speed 3, slow
metabolism 2
a: no special abilities


You were on level 2 of the Dungeon.
You were not hungry.

You visited 1 branch of the dungeon, and saw 2 of its levels.

You collected 105 gold pieces.

Inventory:

Hand Weapons
 a - a +2 dagger (weapon)
 c - a +0 short sword
Missiles
 g - 37 sling bullets
 h - 60 stones (quivered)
 k - 49 arrows
Armour
 e - a +0 robe (worn)
 o - a +0 buckler (worn)
 q - a scarf of resistance (worn)
Jewellery
 r - a +4 ring of protection (left hand)
Scrolls
 d - 2 scrolls of teleportation
 j - a scroll of random uselessness {unknown}
 l - 2 scrolls of remove curse {unknown}
 p - a scroll of enchant armour {unknown}
Potions
 b - a potion of berserk rage
 i - a potion of cancellation {unknown}
 m - a potion of might {unknown}
 n - 2 potions of lignification {unknown}
Comestibles
 f - 3 rations


   Skills:
 + Level 2.6 Fighting
 + Level 1.7 Dodging
 + Level 3.6 Stealth
 * Level 0.3 Shields
 + Level 2.6 Unarmed Combat
   Level 2.6 Evocations


You had one spell level left.
You didn't know any spells.
Your spell library was empty.

Dungeon Overview and Level Annotations

Branches:
Dungeon (2/15)

Altars:


Innate Abilities, Weirdness & Mutations

You are very small and have problems with some larger weapons.
You are too small for most types of armour.
You have supernaturally acute eyesight. (SInv)
You are a herbivore.
You cover ground extremely quickly.
You need to consume almost no food.


Message History

The bullfrog is lightly wounded.
The bullfrog hits you.
You barely miss the bullfrog. The bullfrog misses you. x2
You closely miss the bullfrog. The bullfrog hits you.
You barely miss the bullfrog.
The bullfrog hits you but does no damage.
The bullfrog barely misses you.
You hit the bullfrog.
The bullfrog is lightly wounded.
The bullfrog hits you.
You hit the bullfrog.
The bullfrog is moderately wounded.
The bullfrog hits you.
* * * LOW HITPOINT WARNING * * *
You block the bullfrog's attack.
You hit the bullfrog.
The bullfrog is heavily wounded.
The bullfrog barely misses you. x2
The bullfrog hits you.
You die...

#.......................##...
#............########'#.#....
#.....................#.##...
#............##########.##...
#............# #.##.##
#####............####### #.##.#
....'................... #.#
#####..........F.#############.#
# ########....@..............# #
#.################### # #.# #
#.# # #.# ############.#
.............# ############## #


You could see a bullfrog.

Vanquished Creatures
  A worm (D:2)
  2 giant cockroaches
  6 hobgoblins
  2 jackals (D:2)
  3 bats (D:1)
  2 goblins (D:2)
  2 kobolds (D:1)
  2 rats
20 creatures vanquished.

Notes
Turn   | Place    | Note
-------+----------+-------------------------------------------
     0 | D:1      | Descartes the Spriggan Wanderer began the quest for the
                  | Orb.
     0 | D:1      | Descartes set off with the following items: a +2 dagger, a
                  | potion of berserk rage, a +0 short sword, a scroll of
                  | teleportation, a +0 robe, a ration
     0 | D:1      | Reached XP level 1. HP: 11/11 MP: 3/3
   131 | D:1      | Reached skill level 1 in Dodging
   261 | D:1      | Reached XP level 2. HP: 16/16 MP: 5/5
  1481 | D:2      | Noticed a bullfrog
  1506 | D:2      | Slain by a bullfrog

Illustrated notes

Levels and vault maps discovered:
D:1:      nzn_arrival_depleted_hourglass, layout_rooms
D:2:      layout_basic, uniq_natasha

Skill      XL: |  1 |
---------------+----+-----
Dodging        | 1 |  1.7
Fighting       | |  2.6
Stealth        | |  3.6
Shields        | |  0.3
Unarmed Combat | |  2.6
Evocations     | |  2.6

Action                   || total
-------------------------++-------
Melee: Dagger            ||   101
 Stab: Sleeping          ||     2
       Distracted        ||     1
Armor: Robe              ||    19
Dodge: Dodged            ||    54
Block: Buckler           ||    13
